 Dungeon Crawl Stone Soup version 0.31-a0-986-g5e6e4ef867 (webtiles) character file.

Game seed: 16337688520630758318

169 mandarbmax the Ruffian (level 5, -2/53 HPs)
             Began as an Ogre Shapeshifter on Nov 9, 2023.
             Slain by a gnoll
             ... wielding a +2 heavy flail
              (8 damage)
             ... on level 3 of the Dungeon.
             The game lasted 00:04:47 (2218 turns).

mandarbmax the Ruffian (Ogre Shapeshifter)          Turns: 2218, Time: 00:04:48

Health: -2/53      AC:  9    Str: 20    XL:     5   Next: 50%
Magic:  5/5        EV:  9    Int: 11    God:
Gold:   104        SH:  0    Dex:  8    Spells: 4/4 levels left

rFire   + .          .
                       - Unarmed
rCold   . . .        (no shield)
rNeg    . . .        b - +0 swamp dragon scales
rPois   +            (helmet currently unavailable)
rElec   .            (cloak currently unavailable)
rCorr   .            (gloves unavailable)
SInv    .            (boots unavailable)
Will    .....        (no amulet) Stlth
                     o - ring of protection from fire
HPRegen 0.28/turn    (no ring)
MPRegen 0.09/turn

%: no passive effects
@: beast-form
A: beast (slay +2), large, unfitting armour, tough skin 1, shaggy fur 1,
devolution 1
a: Begin Untransformation


You were on level 3 of the Dungeon.
You were a hulking beast.
You visited 1 branch of the dungeon, and saw 3 of its levels.

You collected 104 gold pieces.

Inventory:

Missiles
 g - 3 silver javelins
 m - 3 boomerangs
 p - a poisoned dart (quivered)
Armour
 b - +0 swamp dragon scales (worn)
 n - a +1 cloak of willpower
Jewellery
 o - a ring of protection from fire (left hand)
Talismans
 c - a beast talisman
 d - a flux talisman
Potions
 a - a potion of cancellation
 e - a potion of attraction {unknown}
 h - a potion of might {unknown}
 j - a potion of invisibility {unknown}
 k - a potion of mutation


   Skills:
 + Level 3.2 Fighting
 + Level 2.6 Dodging
 * Level 4.0 Unarmed Combat
 + Level 3.6 Shapeshifting


You had 4 spell levels left.
You didn't know any spells.
Your spell library was empty.

Dungeon Overview and Level Annotations

Branches:
Dungeon (3/15)

Altars:
Wu Jian

Shops:
D:3 *


Innate Abilities, Weirdness & Mutations

You are a hulking beast.
Your limbs bulge with bestial killing power. (Slay +2)
You are too large for most types of armour.
You have tough skin. (AC +1)
You are covered in fur. (AC +1)
You have hidden genetic defects.


Message History

The silver javelin closely misses the gnoll.
Throw: 5 darts (poison)
Press: ? - help, Q - select action, (/) - cycle Shift-Dir - straight line, f/p - gnoll
Aim: a gnoll, wielding a +2 heavy flail (58% to hit)
You throw a poisoned dart.
The poisoned dart closely misses the gnoll.
Throw: 4 darts (poison)
Press: ? - help, Q - select action, (/) - cycle Shift-Dir - straight line, f/p - gnoll
Aim: a gnoll, wielding a +2 heavy flail (58% to hit)
You throw a poisoned dart.
The poisoned dart closely misses the gnoll.
Throw: 3 darts (poison)
Press: ? - help, Q - select action, (/) - cycle Shift-Dir - straight line, f/p - gnoll
Aim: a gnoll, wielding a +2 heavy flail (58% to hit)
You throw a poisoned dart.
The poisoned dart barely misses the gnoll.
Throw: 2 darts (poison)
Press: ? - help, Q - select action, (/) - cycle Shift-Dir - straight line, f/p - gnoll
Aim: a gnoll, wielding a +2 heavy flail (58% to hit)
You throw a poisoned dart.
The poisoned dart closely misses the gnoll.
You are too injured to fight recklessly!
Okay, then.
You are too injured to fight recklessly!
You are too injured to fight recklessly!
You are too injured to fight recklessly!
You hit the gnoll.
The gnoll is lightly wounded.
The gnoll hits you with a +2 heavy flail.
* * * LOW HITPOINT WARNING * * *
You hit the gnoll.
The gnoll is moderately wounded.
The gnoll hits you with a +2 heavy flail.
* * * LOW HITPOINT WARNING * * *
You hit the gnoll.
The gnoll is heavily wounded.
You hit the gnoll.
The gnoll is severely wounded.
The gnoll hits you with a +2 heavy flail!
You die...

...........## #.####...#####
.........[## #(#....###
..........######...####
................).#####
............###.).....##
.............###>####..# ########
.........#..###.# ##.###.......
......# #..##g# #...........
......###..##h### #####.......
.....)#......[..# #.......
................# #.).....
##.#.#..........## ####.......
#####.#.#.#####......##.......###
......#)..## #..............##
......#)#..# ................#
......#.#..###................#
......#)#....#................#


You could see a gnoll.

Vanquished Creatures
  Robin (D:3)
  3 gnolls (D:3)
  5 adders
  2 worms
  3 orcs (D:3)
  4 endoplasms
  4 giant cockroaches (D:1)
  15 goblins
  9 hobgoblins
  3 jackals (D:1)
  3 quokkas
  4 ball pythons
  2 bats
  3 frilled lizards
  6 kobolds
  3 rats
70 creatures vanquished.

Notes
Turn   | Place    | Note
-------+----------+-------------------------------------------
     0 | D:1      | mandarbmax the Ogre Shapeshifter began the quest for the
                  | Orb.
     0 | D:1      | Reached XP level 1. HP: 19/19 MP: 1/1
   107 | D:1      | Reached XP level 2. HP: 22/28 MP: 2/2
   157 | D:1      | Reached skill level 3 in Unarmed Combat
   247 | D:1      | Reached XP level 3. HP: 33/35 MP: 3/3
  1098 | D:2      | Reached XP level 4. HP: 44/44 MP: 4/4
  1815 | D:3      | Noticed Robin
  1829 | D:3      | Killed Robin
  1840 | D:3      | Reached XP level 5. HP: 24/53 MP: 5/5
  2017 | D:3      | Found an ornate altar of the Wu Jian Council.
  2110 | D:3      | Found Jaoc's General Store.
  2208 | D:3      | Gained mutation: You have hidden genetic defects. [potion
                  | of mutation]
  2208 | D:3      | Gained mutation: You are covered in fur. (AC +1) [potion of
                  | mutation]
  2210 | D:3      | Reached skill level 4 in Unarmed Combat
  2218 | D:3      | Slain by a gnoll

Illustrated notes

Levels and vault maps discovered:
D:1:      scummos_arrival_checkerplants, layout_loops_ring, corexii_corridor_pit
D:2:      layout_basic
D:3:      layout_rooms, lemuel_coloured_pillars_altar, serial_shops,
          nicolae_shop_window_shopping, uniq_robin

Skill      XL: |  1  2  3  4  5 |
---------------+----------------+-----
Dodging        | 2 |  2.6
Unarmed Combat | 3 4 |  4.0
Fighting       | 2 3 |  3.2
Shapeshifting  | |  3.6

Action                     |  1- 3 |  4- 6 || total
---------------------------+-------+-------++-------
  Melee: Unarmed           |   121 |   105 ||   226
         Punch             |     3 |     3 ||     6
  Throw: Javelin           |       |     3 ||     3
         Dart              |       |     4 ||     4
    Use: Potion            |       |     3 ||     3
         Scroll            |       |     3 ||     3
   Stab: Sleeping          |     1 |       ||     1
 Armour: Animal skin       |    78 |    47 ||   125
         Skin              |       |    17 ||    17
         Swamp dragon scal |       |    26 ||    26
  Dodge: Dodged            |    43 |    49 ||    92

Table legend: (Time is in decaauts)
 A = Elapsed time spent in this place.
 B = Non-inter-level travel time spent in this place.
 C = Inter-level travel time spent in this place.
 D = Time resting spent in this place.
 E = Time spent auto-exploring this place.
 F = Levels seen in this place.
 G = Mean time per level.
                   A        B        C        D        E       F      G
               +--------+--------+--------+--------+--------+-----+--------+
         Total |   2205 |   2190 |     15 |    240 |   1474 |   3 |  735.0 |
       Dungeon |   2205 |   2190 |     15 |    240 |   1474 |   3 |  735.0 |
               +--------+--------+--------+--------+--------+-----+--------+

Top non-repeatable levels by time:
     D:1: 848 daAuts
     D:2: 775 daAuts
     D:3: 582 daAuts
